 Dungeon Crawl Stone Soup version 0.28.0 (webtiles) character file.

Game seed: 2984117046718964124

6910 willcat the Covert (level 11, -20/59 (60) HPs)
             Began as a Kobold Delver on Feb 5, 2022.
             Was an Elder of Nemelex Xobeh.
             Demolished by a +0 morningstar of chaos (29 damage)
             ... on level 9 of the Dungeon.
             The game lasted 00:19:14 (12389 turns).

willcat the Covert (Kobold Delver)                 Turns: 12389, Time: 00:19:16

HP:   -20/59 (60)   AC:  9    Str:  9    XL:     11   Next: 27%
MP:   15/18         EV: 21    Int: 16    God:    Nemelex Xobeh [****..]
Gold: 509           SH:  7    Dex: 26    Spells: 14/20 levels left

rFire   . . .      SeeInvis .   z - +2 short sword (venom)
rCold   . . .      Faith    .   t - +0 buckler
rNeg    . . .      Spirit   .   P - +2 troll leather armour
rPois   .          Reflect  .   m - +0 helmet {Int+3}
rElec   .          Harm     .   A - scarf {+Inv}
rCorr   .          Rampage  .   i - +0 pair of gloves
Will    +....                   H - +0 pair of boots
Stlth   ++++++....              (no amulet)
HPRegen 0.99/turn               p - ring of willpower
MPRegen 0.16/turn               L - +6 ring of dexterity

@: very slightly contaminated, lightly drained, invisible
A: small, no large weapons, nightstalker 3
a: Renounce Religion, Evoke Invisibility, Draw Escape, Draw Destruction, Draw
Summoning, Triple Draw, Deal Four


You were on level 9 of the Dungeon.
You worshipped Nemelex Xobeh.
Nemelex Xobeh was greatly pleased with you.
You visited 2 branches of the dungeon, and saw 10 of its levels.
You also visited: Bailey.

You collected 509 gold pieces.

Inventory:

Hand Weapons
 z - a +2 short sword of venom (weapon)
Missiles
 b - a curare-tipped dart
 h - 34 poisoned darts (quivered)
Armour
 i - a +0 pair of gloves (worn)
 m - a +0 helmet of intelligence (worn)
 t - a +0 buckler (worn)
 A - a scarf of invisibility (worn)
 H - a +0 pair of boots (worn)
 O - +0 steam dragon scales
 P - a +2 troll leather armour (worn)
Jewellery
 p - a ring of willpower (left hand)
 y - a +6 ring of strength
 B - a ring of ice
 L - a +6 ring of dexterity (right hand)
 M - a ring of poison resistance
Wands
 a - a wand of iceblast (6)
 g - a wand of digging (3)
 C - a wand of polymorph (26)
 N - a wand of acid (2)
Scrolls
 c - 2 scrolls of fog
 d - a scroll of magic mapping
 e - a scroll of fear
 j - 7 scrolls of teleportation
 k - 2 scrolls of noise
 n - 2 scrolls of brand weapon
 q - 3 scrolls of blinking
 u - 2 scrolls of silence
 w - a scroll of holy word {unknown}
 x - a scroll of summoning {unknown}
 G - a scroll of torment {unknown}
 I - a scroll of amnesia {unknown}
 J - 2 scrolls of vulnerability
Potions
 f - 2 potions of haste
 l - a potion of curing
 o - 2 potions of cancellation {unknown}
 r - 3 potions of resistance {unknown}
 s - 2 potions of heal wounds {unknown}
 v - a potion of attraction {unknown}
 D - a potion of might {unknown}
 F - 2 potions of mutation {unknown}
 K - a potion of invisibility {unknown}


   Skills:
 - Level 3.2 Fighting
 - Level 8.3 Short Blades
 + Level 3.1 Armour
 + Level 8.2 Dodging
 + Level 11.4 Stealth
 + Level 3.9 Shields
 + Level 5.0 Spellcasting
 + Level 2.3 Hexes
 + Level 4.5 Summonings
 + Level 5.6 Invocations
 + Level 6.2 Evocations


You had 14 spell levels left.
You knew the following spells:

 Your Spells              Type           Power      Damage    Failure   Level
a - Call Canine Familiar  Summ           18%        N/A       14%         3
b - Tukima's Dance        Hex            11%        N/A       34%         3

Your spell library contained the following spells:

 Spells                   Type           Power      Damage    Failure   Level
 Portal Projectile        Hex/Tloc       14%        N/A       50%         3
 Anguish                  Hex/Necr       3%         N/A       88%         4
 Leda's Liquefaction      Hex/Erth       3%         N/A       88%         4
 Enfeeble                 Hex            5%         N/A       100%        7


Dungeon Overview and Level Annotations

Branches:
Dungeon (9/15)             Temple (1/1) D:5          Bailey (visited)
   Lair: D:8-11         Orc: D:9-12

Altars:
Cheibriados
Dithmenos
Elyvilon
Gozag
Hepliaklqana
Kikubaaqudgha
Makhleb
Nemelex Xobeh
Okawaru
Qazlal
Sif Muna
Trog
Uskayaw
Vehumet
Xom
Yredelemnul
Zin

Shops:
D:5 (   D:8 (

Annotations:
D:7 3 runed translucent doors, aaron's ghost, novice HOFi


Innate Abilities, Weirdness & Mutations

You are small and have problems with some larger weapons.
You are completely attuned to the shadows.


Message History

You stick themarg's ghost like a pincushion!!!
Themarg's ghost is heavily damaged.
Themarg's ghost closely misses you.
You hit themarg's ghost but do no damage.
Themarg's ghost is heavily damaged.
Themarg's ghost closely misses you.
You catch the helpless themarg's ghost completely off-guard!
You impale themarg's ghost!!
Themarg's ghost is severely damaged.
Themarg's ghost misses you.
You hit themarg's ghost but do no damage.
Themarg's ghost is severely damaged.
Your hound bites themarg's ghost.
You hit themarg's ghost but do no damage.
Themarg's ghost is almost destroyed.
Your hound bites themarg's ghost.
Themarg's ghost hits you!
* * * LOW HITPOINT WARNING * * *
Your hound bites themarg's ghost but does no damage.
You strike the helpless themarg's ghost from behind!
You impale themarg's ghost!!
You destroy themarg's ghost!
The +0 morningstar of chaos hits your hound!!
Your hound dies!
Your hound's corpse disappears in a puff of smoke!
Your Spellcasting skill increases to level 5!
Unknown command.
Unknown command.
You feel better.
You barely miss the +0 morningstar of chaos.
The +0 morningstar of chaos misses you.
You hit the +0 morningstar of chaos but do no damage.
The +0 morningstar of chaos barely misses you.
You catch the helpless +0 morningstar of chaos completely off-guard!
You impale the +0 morningstar of chaos!!
The +0 morningstar of chaos is severely damaged.
The +0 morningstar of chaos hits you!
* * * LOW HITPOINT WARNING * * *
The +0 morningstar of chaos hits you!!
You die...
Your body glows slightly and disappears.

######
##......##
.........##.....
.........##.....
.........##.....
.........##.....
.....###...>....
....@#.##.#.....


PP. .....(_.#.#..... P.P .....#:##.#....[ ... >....###..#..... P.. ..........#
..+ ........## ... ####.#### ##.##### ###...# # .....# #...### You could see a
+0 morningstar of chaos.

Vanquished Creatures
  The ghost of themarg the Cleaver, a novice MiFi of Wu Jian (D:9)
  3 orc knights (Bailey)
  A hornet (D:8)
  A troll (D:9)
  3 yaks (D:9)
  A human (D:3)
  2 steam dragons (D:8)
  4 water moccasins
  A nameless horror (Bailey)
  3 ice beasts
  4 sky beasts
  3 necrophages
  4 orc warriors (Bailey)
  An ogre (D:7)
  A black bear (D:9)
  2 centaurs
  3 phantoms
  3 kobold brigands
  3 bullfrogs
  2 scorpions (D:7)
  A wyvern zombie (D:7)
  4 jellies
  4 killer bees
  A wight (D:7)
  A centaur zombie (D:9)
  3 orc priests
  3 hounds
  A centaur skeleton (D:7)
  An iguana (D:4)
  A human skeleton (D:3)
  An orc wizard (D:4)
  A hound zombie (D:5)
  2 hound skeletons
  A howler monkey zombie (D:4)
  7 gnolls (D:3)
  A howler monkey skeleton (D:7)
  An adder (D:3)
  A shadow imp (D:6)
  2 ufetubi
  3 worms
  4 dart slugs
  31 orcs
  7 bats
  5 endoplasms
  A giant cockroach (D:3)
  12 goblins
  8 hobgoblins
  5 jackals
  37 kobolds
  2 quokkas
  10 ball pythons
  2 frilled lizards (D:2)
  A goblin skeleton (D:3)
  5 rats
216 creatures vanquished.

Vanquished Creatures (others)
  A shadow (D:7)
  A centaur skeleton (D:7)
  3 kobolds (D:8)
  18 fungi (D:9)
  76 plants
99 creatures vanquished.

Grand Total: 315 creatures vanquished

Notes
Turn   | Place    | Note
-------+----------+-------------------------------------------
     0 | D:5      | willcat the Kobold Delver began the quest for the Orb.
     0 | D:5      | Reached XP level 1. HP: 14/14 MP: 1/1
    13 | D:5      | Reached XP level 2. HP: 19/19 MP: 2/2
    14 | D:5      | Noticed a centaur
    18 | D:5      | Killed a centaur
    19 | D:5      | Reached skill level 7 in Stealth
    19 | D:5      | Reached XP level 3. HP: 23/23 MP: 3/3
    19 | D:5      | Reached XP level 4. HP: 28/28 MP: 4/4
    43 | D:5      | Reached XP level 5. HP: 32/32 MP: 5/5
   556 | D:5      | Noticed a phantom
   561 | D:5      | Killed a phantom
   562 | D:5      | Reached skill level 8 in Stealth
   562 | D:5      | Reached skill level 1 in Evocations
   562 | D:5      | Reached XP level 6. HP: 30/37 MP: 6/6
   576 | D:5      | Reached skill level 5 in Short Blades
   943 | D:5      | Noticed a necrophage
   948 | D:5      | Found an opulent altar of Gozag.
  1070 | D:5      | Found Booqytot's Antique Weapon Emporium.
  1090 | D:5      | Found a staircase to the Ecumenical Temple.
  1096 | Temple   | Entered the Ecumenical Temple
  1233 | Temple   | Became a worshipper of Nemelex Xobeh the Trickster
  1276 | D:5      | Killed a necrophage
  1277 | D:5      | Reached XP level 7. HP: 41/41 MP: 7/7
  1366 | D:4      | Reached skill level 5 in Dodging
  2829 | D:4      | Reached skill level 9 in Stealth
  2829 | D:4      | Reached skill level 1 in Spellcasting
  2829 | D:4      | Reached skill level 1 in Invocations
  2829 | D:4      | Reached XP level 8. HP: 46/46 MP: 9/9
  3063 | D:4      | Learned a level 3 spell: Call Canine Familiar
  3236 | D:3      | Found a snail-covered altar of Cheibriados.
  3249 | D:3      | Reached * piety under Nemelex Xobeh
  3685 | D:6      | Received a gift from Nemelex Xobeh
  4440 | D:6      | Reached skill level 1 in Shields
  4790 | D:6      | HP: 2/46 [poisoned by a kobold]
  5432 | D:6      | Reached skill level 1 in Summonings
  5535 | D:6      | Reached ** piety under Nemelex Xobeh
  6386 | D:3      | Found a white marble altar of Elyvilon.
  6549 | D:3      | Found a runed translucent door.
  6549 | D:3      | Noticed a human
  6572 | D:3      | Found a basalt altar of Yredelemnul.
  6604 | D:3      | Killed a human
  6605 | D:3      | Reached XP level 9. HP: 42/51 MP: 11/13
  6656 | D:3      | You fall into a shaft and drop 2 floors!
  7724 | D:7      | Received a gift from Nemelex Xobeh
  7919 | D:1      | Reached *** piety under Nemelex Xobeh
  8590 | D:7      | Found a runed translucent gate.
  8590 | D:7      | Found a runed translucent gate.
  8590 | D:7      | Found a runed translucent gate.
  8592 | D:7      | Found an opulent altar of Gozag.
  8592 | D:7      | Noticed an efreet
  8594 | D:7      | Noticed aaron's ghost (novice HOFi)
  9124 | D:7      | Reached **** piety under Nemelex Xobeh
  9213 | D:7      | Reached skill level 10 in Stealth
  9593 | D:7      | Reached skill level 1 in Armour
 10181 | D:8      | Found a burning altar of Makhleb.
 10421 | D:8      | Found an iron altar of Okawaru.
 10461 | D:8      | Found Uggaovi's Antique Weapon Shop.
 10461 | D:8      | Received a gift from Nemelex Xobeh
 10464 | D:8      | Reached XP level 10. HP: 53/56 MP: 15/15
 10795 | D:8      | Reached skill level 5 in Evocations
 11120 | D:9      | Found a flagged portal.
 11278 | Bailey   | Entered a bailey
 11462 | Bailey   | Noticed an orc knight
 11628 | Bailey   | Noticed an orc knight
 11673 | Bailey   | Learned a level 3 spell: Tukima's Dance
 11824 | Bailey   | Killed an orc knight
 11980 | Bailey   | Killed an orc knight
 11981 | Bailey   | Reached skill level 11 in Stealth
 11981 | Bailey   | Reached skill level 1 in Hexes
 11981 | Bailey   | Reached skill level 5 in Invocations
 12077 | Bailey   | Identified the +1 plate armour of Fiap {rC+ rCorr}
 12091 | Bailey   | Noticed an orc knight
 12095 | Bailey   | Killed an orc knight
 12096 | Bailey   | Reached XP level 11. HP: 60/60 MP: 17/17
 12370 | D:9      | Found a runed translucent door.
 12370 | D:9      | Found a shimmering altar of Xom.
 12370 | D:9      | Noticed themarg's ghost (novice MiFi)
 12371 | D:9      | Noticed a +0 morningstar of chaos
 12385 | D:9      | Killed themarg's ghost
 12386 | D:9      | Reached skill level 5 in Spellcasting
 12389 | D:9      | Demolished by a +0 morningstar of chaos

Illustrated notes

Levels and vault maps discovered:
D:1:      dpeg_arrival_simpleton_b, layout_rooms, minmay_ruptured
D:2:      layout_basic
D:3:      layout_rooms, dk_yredelemnul_ordeal, elyvilon_altar_5,
          mainiacjoe_overflow_catwalk
D:4:      layout_gridville
D:5:      layout_rooms, lemuel_tele_altar, minmay_temple_entry_gardened_gates,
          serial_shops, kennysheep_mini_moat
D:6:      kennysheep_kobold_camp, layout_basic, kennysheep_generic_room_6
D:7:      minmay_octagon_keep, layout_cave_pods, ebering_ghost_gozag
D:8:      layout_loops_cross, lemuel_round_altar, mainiacjoe_overflow_brackets,
          serial_shops, nicolae_shop_temple_entry_statues_fountains,
          kennysheep_generic_room_2
D:9:      layout_roguey, amcnicky_altar_gilded, due_lair_maze_entry_diamond,
          enter_bailey_5, ebering_ghost_xom, chequers_serial_rivers_micro_d
Temple:   jpeg_temple_clearing

Skill      XL: |  1  2  3  4  5  6  7  8  9 10 11 |
---------------+----------------------------------+-----
Short Blades   | 3 4 5 6 7 8 |  8.3
Dodging        | 3 4 5 6 7 8 |  8.2
Stealth        | 7 8 9 10 11 | 11.4
Evocations     | 1 2 3 4 5 6 |  6.2
Spellcasting   | 1 2 3 4 5 |  5.0
Invocations    | 1 2 4 5 |  5.6
Shields        | 1 2 3 |  3.9
Summonings     | 1 3 4 |  4.5
Armour         | 1 2 3 |  3.1
Hexes          | 1 2 |  2.3
Fighting       | |  3.2

Action                   |  1- 3 |  4- 6 |  7- 9 | 10-12 || total
-------------------------+-------+-------+-------+-------++-------
Melee: Short sword       |     2 |    43 |   620 |   273 ||   938
       Punch             |       |       |     4 |       ||     4
Throw: Dart              |       |       |     5 |     2 ||     7
 Cast: Call Canine Famil |       |       |     2 |    20 ||    22
       Tukima's Dance    |       |       |       |     1 ||     1
 Abil: Evoke Invisibilit |       |       |       |     1 ||     1
Evoke: Wand              |       |     7 |     5 |     1 ||    13
  Use: Scroll            |       |       |     2 |     7 ||     9
       Potion            |       |       |     2 |     1 ||     3
 Stab: Sleeping          |     2 |     3 |    52 |     4 ||    61
       Distracted        |       |       |     4 |     4 ||     8
       Invisible         |       |       |       |     4 ||     4
Armor: Leather armour    |       |     6 |    74 |       ||    80
       Troll leather arm |       |       |       |    15 ||    15
       Steam dragon scal |       |       |       |    10 ||    10
Dodge: Dodged            |       |    48 |   308 |   201 ||   557
Block: Buckler           |       |       |    77 |    76 ||   153
